 Dungeon Crawl Stone Soup version 0.29-a0-919-gd064cfad1c (webtiles) character file.

Game seed: 10666591548172543185

1649 Spectrina the Thaumaturge (level 9, -1/55 HPs)
             Began as a Djinni Venom Mage on July 26, 2022.
             Killed by nerve-wracking pain
             ... invoked by a shadow imp
              (9 damage)
             ... on level 8 of the Dungeon on July 27, 2022.
             The game lasted 00:38:07 (3838 turns).

Spectrina the Thaumaturge (Djinni Venom Mage)       Turns: 3838, Time: 00:38:08

Health: -1/55      AC:  4    Str:  7    XL:     9   Next: 19%
Gold:   323        EV: 12    Int: 22    God:
                   SH:  0    Dex: 13

rFire   + + .      SeeInvis .   a - staff of poison
rCold   x . .      Faith    .   (no shield)
rNeg    . . .      Spirit   .   t - +0 robe
rPois   ∞          Reflect  .   j - +1 helmet
rElec   .          Harm     .   e - scarf {shadows}
rCorr   .          Rampage  .   (no gloves)
Will    .....                   (boots unavailable)
Stlth   ++........              (no amulet)
HPRegen 0.18/turn               (no ring)
MPRegen 0.00/turn               (no ring)

@: flying
A: sickness immunity, fire resistance 2, cold vulnerability 1, float, innate
caster, HP casting, extra vitality 1
a: no special abilities


You were on level 8 of the Dungeon.
You visited 2 branches of the dungeon, and saw 9 of its levels.

You collected 323 gold pieces.

Inventory:

Hand Weapons
 b - a +0 vorpal sling
Missiles
 c - 17 poisoned darts
 g - 10 boomerangs (quivered)
 y - a throwing net
Armour
 e - a scarf of shadows (worn)
 j - a +1 helmet (worn)
 p - a scarf of resistance
 s - a +0 cloak
 t - a +0 robe (worn)
Magical Staves
 a - a staff of poison (weapon)
 l - a staff of death
Wands
 d - a wand of paralysis (2)
 f - a wand of acid (6)
Scrolls
 i - a scroll of brand weapon {unknown}
 m - a scroll of amnesia {unknown}
 n - 2 scrolls of identify {unknown}
 o - a scroll of noise {unknown}
 r - a scroll of enchant weapon {unknown}
 u - a scroll of fear {unknown}
 v - a scroll of fog {unknown}
 x - a scroll of poison {unknown}
 A - a scroll of teleportation
 B - a scroll of enchant armour {unknown}
Potions
 h - a potion of heal wounds
 k - a potion of invisibility {unknown}
 q - 3 potions of curing
 w - 2 potions of attraction {unknown}
 z - a potion of ambrosia {unknown}
 C - a potion of magic {unknown}


   Skills:
 - Level 2.1 Dodging
 - Level 1.5 Stealth
 * Level 8.9 Spellcasting
 + Level 0.8 Invocations


You had 6 spell levels left.
You knew the following spells:

 Your Spells              Type           Power      Damage    Failure   Level
a - Sting                 Tmut/Pois      100%       1d8       1%          1
b - Lesser Beckoning      Tloc           49%        N/A       1%          3
f - Olgreb's Toxic Radia  Pois           65%        N/A       1%          4
j - Tukima's Dance        Hex            49%        N/A       1%          3
l - Ensorcelled Hibernat  Hex/Ice        98%        N/A       1%          2
m - Mephitic Cloud        Conj/Pois/Air  65%        N/A       1%          3
q - Poisonous Vapours     Pois/Air       100%       N/A       1%          2
x - Apportation           Tloc           98%        N/A       1%          1
Your spell library was empty.

Dungeon Overview and Level Annotations

Branches:
Dungeon (8/15)             Temple (1/1) D:4
   Lair: D:8-11

Altars:
Ashenzari
Cheibriados
Elyvilon
Fedhas
Hepliaklqana
Makhleb
Nemelex Xobeh
Okawaru
Qazlal
Ru
Uskayaw
Wu Jian
Xom
The Shining One

Shops:
D:5 :(

Annotations:
D:4 3 runed translucent doors, seaofthunder's ghost, novice HOFi


Innate Abilities, Weirdness & Mutations

You are immune to sickness and miasma.
You are immune to poison.
Your flesh is very heat resistant. (rF++)
You are vulnerable to cold. (rC-)
You float through the air rather than walking.
You learn spells naturally, not from books.
Your magical power is your life essence.
You have superior vitality. (+4 MHP)


Message History

Casting: Tukima's Dance (safe; 1% risk of failure)
Confirm with . or Enter, or press ? or * to list all spells.
Aiming: Tukima's Dance (safe; 1% risk of failure)
Press: ? - help, Shift-Dir - straight line, f/p - centaur
Aim: a centaur (severely wounded, extremely poisoned, not susceptible)
The centaur's hands twitch.
* * * LOW HITPOINT WARNING * * *
The centaur hits you.
* * * LOW HITPOINT WARNING * * *
The centaur kicks you but does no damage.
Unknown command.
Casting: Tukima's Dance (safe; 1% risk of failure)
Confirm with . or Enter, or press ? or * to list all spells.
Aiming: Tukima's Dance (safe; 1% risk of failure)
Press: ? - help, Shift-Dir - straight line, f/p - centaur
Aim: a centaur (almost dead, extremely poisoned, not susceptible)
Okay, then.
Unknown command.
Casting: Tukima's Dance (safe; 1% risk of failure)
Confirm with . or Enter, or press ? or * to list all spells.
Aiming: Sting (safe; 1% risk of failure)
Press: ? - help, Shift-Dir - straight line, f/p - centaur
Aim: a centaur (almost dead, extremely poisoned, 87% to hit)
You feel a surge of power!
The sting hits the centaur.
The centaur looks as sick as possible!
You kill the centaur!
* * * LOW HITPOINT WARNING * * *
Unknown command.
Casting: Sting (safe; 1% risk of failure)
Confirm with . or Enter, or press ? or * to list all spells.
Aiming: Sting (safe; 1% risk of failure)
Press: ? - help, Shift-Dir - straight line, f - shadow imp
Aim: a shadow imp (lightly wounded, 75% to hit)
You feel a surge of power!
The sting hits the shadow imp.
The shadow imp partially resists.
The shadow imp is poisoned.
The shadow imp is heavily wounded.
* * * LOW HITPOINT WARNING * * *
The shadow imp gestures at you. Pain shoots through your body!
You die...

.... #.# #..#####...
..... #.### ##..........
##...
###...###.#####.....
#....##...#.....# #....#
........######## ##...>.
..
##....####...#####......
#..#......#.'.
#.##......# #........#5#
##......#.# #..#.....@.#
###.####.#
#....#####...# #.# .#
#.... #.## #.## . #....
..# #..# .....# ..#
#..###.# ..... ...#
#....... ###..
#............
#.####.....#. #....##


You could see a shadow imp (poisoned).

Vanquished Creatures
  A steam dragon (D:7)
  Duvessa (D:7)
  2 water moccasins (D:7)
  2 ogres
  A centaur (D:8)
  A bullfrog (D:7)
  A kobold brigand (D:7)
  4 scorpions
  Dowan (D:7)
  A howler monkey (D:7)
  2 hounds
  A scorpion zombie (D:4)
  3 iguanas
  6 orc wizards
  A hound zombie (D:4)
  2 hound skeletons (D:4)
  A howler monkey skeleton (D:4)
  2 adders
  2 white imps
  2 ufetubi
  2 adder skeletons (D:4)
  3 adder zombies (D:4)
  A worm (D:4)
  3 dart slugs
  19 orcs
  4 endoplasms
  2 giant cockroaches
  4 hobgoblins
  5 quokkas
  2 ball pythons (D:4)
  A bat (D:2)
  A frilled lizard (D:5)
  10 goblins
  6 kobolds
  A quokka skeleton (D:4)
  2 rats (D:3)
103 creatures vanquished.

Vanquished Creatures (others)
  A dancing weapon (D:7)
  A plant (D:3)
  2 withered plants (D:4)
4 creatures vanquished.

Grand Total: 107 creatures vanquished

Notes
Turn   | Place    | Note
-------+----------+-------------------------------------------
     0 | D:1      | Spectrina the Djinni Venom Mage began the quest for the
                  | Orb.
     0 | D:1      | Spectrina set off with the following spells memorised:
                  | Sting, Poisonous Vapours, Mephitic Cloud, Olgreb's Toxic
                  | Radiance.
     0 | D:1      | Reached XP level 1. HP: 15/15 MP: 0/0
   190 | D:3      | Reached XP level 2. HP: 21/21 MP: 0/0
   327 | D:4      | Reached skill level 3 in Spellcasting
   578 | D:3      | Reached XP level 3. HP: 22/25 MP: 0/0
   578 | D:3      | Learned a level 1 spell: Apportation
   791 | D:4      | Found a runed translucent gate.
   793 | D:4      | Found a runed translucent gate.
   794 | D:4      | Found a runed translucent gate.
   809 | D:4      | Reached XP level 4. HP: 20/31 MP: 0/0
   823 | D:4      | HP: 1/31 [adder zombie (1)]
  1030 | D:5      | Entered Level 5 of the Dungeon
  1034 | D:5      | Found Uptukk's Weapon Shoppe.
  1052 | D:5      | Found a sacrificial altar of Ru.
  1063 | D:5      | Reached skill level 4 in Spellcasting
  1063 | D:5      | Reached XP level 5. HP: 17/35 MP: 0/0
  1063 | D:5      | Learned a level 2 spell: Ensorcelled Hibernation
  1250 | D:5      | Noticed a phantom
  1356 | D:5      | Reached XP level 6. HP: 19/40 MP: 0/0
  1425 | D:6      | Reached skill level 5 in Spellcasting
  1704 | D:4      | Found a staircase to the Ecumenical Temple.
  1712 | Temple   | Entered the Ecumenical Temple
  1713 | Temple   | Found a transporter.
  1713 | Temple   | Found a transporter.
  1715 | Temple   | Found a transporter.
  1715 | Temple   | Found a transporter.
  1786 | D:4      | Reached XP level 7. HP: 22/45 MP: 0/0
  1786 | D:4      | Learned a level 3 spell: Tukima's Dance
  1844 | D:4      | You are sucked into a shaft and drop 1 floor!
  2042 | D:4      | Reached skill level 6 in Spellcasting
  2099 | D:4      | Noticed seaofthunder's ghost (novice HOFi)
  2169 | D:5      | Found Dueph's Book Boutique.
  2201 | D:5      | Noticed a water moccasin
  2368 | D:7      | Noticed Dowan
  2372 | D:7      | Noticed Duvessa
  2372 | D:7      | HP: 2/45 [white imp/puff of frost (6)]
  2444 | D:6      | Reached XP level 8. HP: 5/50 MP: 0/0
  2462 | D:6      | Reached skill level 7 in Spellcasting
  3092 | D:7      | Found a broken altar of Ashenzari.
  3108 | D:7      | Found a shimmering altar of Xom.
  3151 | D:7      | Reached skill level 8 in Spellcasting
  3296 | D:7      | Killed Duvessa
  3297 | D:7      | Reached XP level 9. HP: 9/55 MP: 0/0
  3297 | D:7      | Learned a level 3 spell: Lesser Beckoning
  3298 | D:7      | Killed Dowan
  3450 | D:7      | Found an iron altar of Okawaru.
  3838 | D:8      | Killed from afar by a shadow imp

Illustrated notes

Levels and vault maps discovered:
D:1:      sevenhm_arrival_forest_fort_large_3, layout_basic, serial_shops, shop,
          minmay_pentomino_r4
D:2:      layout_basic, serial_corexii_hall, corexii_hall_statues_x,
          corexii_hall_statues_i, chequers_hall_statues_y,
          chequers_hall_statues_y, shapermc_ecumenical_altar_starsandcircs,
          uniq_robin
D:3:      cheibrodos_old_hovel, layout_loops_corners,
          corexii_item_surrounded_by_moat
D:4:      layout_basic, nicolae_vehumet_radiance, temple_pool_b, serial_undead,
          serial_undead_f, serial_undead_e, serial_undead_e, serial_undead_d,
          gammafunk_ghost_icy
D:5:      layout_loops_cross, nicolae_ru_great_annihilating_truth, serial_shops,
          shop, shop_fountains, st_stairs_8
D:6:      layout_rooms, mainiacjoe_overflow_tiny_flanked, hex_intersection,
          nrook_uturn, st_stairs_10, grunt_ministairs_2, serial_bayou_pond_e
D:7:      layout_cave_pods, okawaru_altar_gauntlet_db,
          mainiacjoe_overflow_catwalk_spiral, uniq_duvessa
D:8:      layout_layer_cave, grunt_temple_overflow_gold_and_silver,
          grunt_dithmenos_shadows, nicolae_stop_n_shop_2, solitary_fountain,
          minmay_misc_feat_pillars, minmay_between
Temple:   hellmonk_temple_divided_pantheon

Skill      XL: |  1  2  3  4  5  6  7  8 |
---------------+-------------------------+-----
Spellcasting   | 3 4 5 6 8 |  8.9
Dodging        | |  2.1
Stealth        | |  1.5
Invocations    | |  0.8

Action                   |  1- 3 |  4- 6 |  7- 9 || total
-------------------------+-------+-------+-------++-------
Melee: Unarmed           |     1 |       |       ||     1
       Staff             |       |       |     3 ||     3
       Punch             |       |       |     1 ||     1
 Fire: Sling             |    46 |    70 |    35 ||   151
Throw: Dart              |     4 |     5 |       ||     9
       Boomerang         |       |       |    20 ||    20
 Cast: Sting             |    16 |    37 |    62 ||   115
       Poisonous Vapours |       |     8 |    17 ||    25
       Olgreb's Toxic Ra |       |     5 |    15 ||    20
       Mephitic Cloud    |       |     1 |     2 ||     3
       Tukima's Dance    |       |       |     4 ||     4
  Use: Potion            |     1 |     3 |     2 ||     6
       Scroll            |       |     2 |       ||     2
Armor: Robe              |     7 |    29 |    18 ||    54
Dodge: Dodged            |    31 |    60 |    34 ||   125

Table legend: (Time is in decaauts)
 A = Elapsed time spent in this place.
 B = Non-inter-level travel time spent in this place.
 C = Inter-level travel time spent in this place.
 D = Time resting spent in this place.
 E = Time spent auto-exploring this place.
 F = Levels seen in this place.
 G = Mean time per level.
                   A        B        C        D        E       F      G
               +--------+--------+--------+--------+--------+-----+--------+
         Total |   3905 |   3397 |    508 |      0 |      0 |   9 |  433.9 |
       Dungeon |   3866 |   3358 |    508 |      0 |      0 |   8 |  483.2 |
        Temple |     38 |     38 |      0 |      0 |      0 |   1 |   38.0 |
               +--------+--------+--------+--------+--------+-----+--------+

Top non-repeatable levels by time:
     D:4: 847 daAuts
     D:3: 844 daAuts
     D:5: 805 daAuts
     D:7: 727 daAuts
     D:6: 457 daAuts
     D:2: 107 daAuts
     D:8: 61 daAuts
  Temple: 38 daAuts
     D:1: 14 daAuts
